 Dungeon Crawl Stone Soup version 0.31-a0-435-g2c6fae2916 (webtiles) character file.

Game seed: 10368345795015037911

63 randomguy2701 the Gusty (level 4, -3/24 HPs)
             Began as a Tengu Air Elementalist on Aug 2, 2023.
             Killed by divine providence
             ... invoked by an orc priest
              (14 damage)
             ... on level 4 of the Dungeon.
             The game lasted 00:03:58 (3472 turns).

randomguy2701 the Gusty (Tengu Air Elementalist)    Turns: 3472, Time: 00:03:59

Health: -3/24      AC:  2    Str:  8    XL:     4   Next: 9%
Magic:  2/9        EV: 12    Int: 18    God:
Gold:   101        SH:  0    Dex: 14    Spells: 7/8 levels left

rFire   . . .        (no weapon)
rCold   . . .        (no shield)
rNeg    . . .        a - +0 robe
rPois   .            (helmet restricted)
rElec   .            (no cloak)
rCorr   .            (no gloves)
SInv    .            (boots unavailable)
Will    .....        (no amulet)
Stlth   ++           (no ring)
HPRegen 0.24/turn    (no ring)
MPRegen 0.11/turn

%: no passive effects
@: no status effects
A: beak, talons 3
a: no special abilities


You were on level 4 of the Dungeon.
You visited 1 branch of the dungeon, and saw 4 of its levels.

You collected 101 gold pieces.

Inventory:

Armour
 a - a +0 robe (worn)
Wands
 p - a wand of acid (7)
Scrolls
 d - a scroll of enchant weapon {unknown}
 e - a scroll of brand weapon {unknown}
 f - a scroll of revelation {unknown}
 g - 2 scrolls of identify {unknown}
 j - 2 scrolls of teleportation {unknown}
 k - 2 scrolls of immolation {unknown}
 l - 2 scrolls of poison {unknown}
 n - a scroll of amnesia {unknown}
Potions
 b - a potion of magic
 c - a potion of berserk rage {unknown}
 h - 2 potions of enlightenment {unknown}
 i - a potion of lignification {unknown}
 m - 2 potions of curing {unknown}
 o - a potion of cancellation {unknown}


   Skills:
 + Level 0.2 Fighting
 + Level 2.4 Dodging
 + Level 2.1 Stealth
 + Level 2.7 Spellcasting
 + Level 2.0 Conjurations
 + Level 5.1 Air Magic


You had 7 spell levels left.
You knew the following spells:

 Your Spells              Type           Power      Damage    Failure   Level
a - Shock                 Conj/Air       60%        1d6       3%          1

Your spell library contained the following spells:

 Spells                   Type           Power      Damage    Failure   Level
 Static Discharge         Conj/Air       30%        2-4/arc   6%          2
 Swiftness                Air            21%        N/A       6%          3
 Airstrike                Air            10%        2d(2-18)  21%         4


Dungeon Overview and Level Annotations

Branches:
Dungeon (4/15)
 Temple: D:4-7

Altars:
Dithmenos
Hepliaklqana
Kikubaaqudgha
Makhleb
Ru
Vehumet
Wu Jian

Shops:
D:2 !

Annotations:
D:3 1 runed translucent door, Crazy Yiuf


Innate Abilities, Weirdness & Mutations

You have a beak for a mouth.
You have claws for feet.


Message History

The zap hits the orc.
The orc is moderately wounded.
The orc shouts!
You hear a shout! x2
The zap hits the orc.
The orc is heavily wounded.
The zap hits the orc but does no damage.
The orc is heavily wounded.
You hear a shout!
An orc comes into view. It is wielding a +0 short sword.
The zap hits the orc but does no damage.
The orc is heavily wounded.
The zap hits the orc.
The orc is moderately wounded.
The zap hits the orc.
The orc is severely wounded.
The zap hits the orc.
The orc is severely wounded.
You hear a shout!
An orc priest comes into view. It is wielding a +0 hand axe.
The zap misses the orc.
An orc comes into view. It is wielding a +0 whip.
An orc wizard comes into view. It is wielding a +0 dagger.
The orc hits you from afar with a +0 trident!
The zap hits the orc.
You kill the orc!
The orc priest invokes the aid of Beogh against you.
Beogh smites you!
You are too injured to fight recklessly!
Casting: Shock (safe; 3% risk of failure)
Confirm with . or Enter, or press ? or * to list all spells.
Aiming: Shock (safe; 3% risk of failure)
Press: ? - help, Shift-Dir - straight line, f - orc wizard
Aim: an orc wizard, wielding a +0 dagger and wearing a +0 robe (64% to hit)
The zap misses the orc.
The zap hits the orc priest.
The orc priest is moderately wounded.
The zap misses the orc wizard.
The orc priest calls down the wrath of Beogh upon you.
Beogh smites you!
Ouch! That really hurt!
You die...

#.......# #oo. #.......#
...## #.......# #...#
#.......# #..o#
####....#### ### #[.##
#.......# #.# #...####..
#.......# #.######....#..##
#.......###.o...ooo##(....#
##'#......@######### #...#
#.######...# #...#
#......+...# #...#
########...# #...# #...#
######.... #...#
####....#..#. ##...#
#.......#..#. #....#
#............ ##....#
#...###.#####


You could see an orc priest, an orc wizard and an orc.

Vanquished Creatures
  An adder (D:4)
  An ufetubus (D:4)
  2 worms
  A dart slug (D:3)
  4 orcs
  4 endoplasms
  6 giant cockroaches
  5 goblins
  3 hobgoblins
  A ball python (D:1)
  A bat (D:1)
  A frilled lizard (D:1)
  2 kobolds (D:2)
  3 rats (D:2)
35 creatures vanquished.

Notes
Turn   | Place    | Note
-------+----------+-------------------------------------------
     0 | D:1      | randomguy2701 the Tengu Air Elementalist began the quest
                  | for the Orb.
     0 | D:1      | Reached XP level 1. HP: 10/10 MP: 4/4
   485 | D:1      | Reached XP level 2. HP: 15/15 MP: 3/6
   761 | D:2      | Found Zionil's Distillery.
  1268 | D:2      | Reached XP level 3. HP: 19/19 MP: 4/7
  1359 | D:2      | Identified the +0 ring mail of the Gravedigger {rElec
                  | Slay-2 Stlth+}
  1536 | D:3      | Found a shadowy altar of Dithmenos.
  1536 | D:3      | Found an ornate altar of the Wu Jian Council.
  1536 | D:3      | Found an ancient bone altar of Kikubaaqudgha.
  1536 | D:3      | Found a burning altar of Makhleb.
  1554 | D:3      | Found a sacrificial altar of Ru.
  1559 | D:3      | Found a radiant altar of Vehumet.
  1585 | D:3      | Found a runed translucent door.
  1586 | D:3      | Noticed Crazy Yiuf
  1693 | D:3      | Found a hazy altar of Hepliaklqana.
  3007 | D:4      | Noticed a scorpion
  3134 | D:4      | Reached skill level 5 in Air Magic
  3327 | D:4      | Reached XP level 4. HP: 24/24 MP: 6/9
  3472 | D:4      | Killed from afar by an orc priest

Illustrated notes

Levels and vault maps discovered:
D:1:      psy_arrival_basics, layout_basic
D:2:      layout_rooms, serial_shops, shop
D:3:      layout_basic, minmay_overflow_temple_hex,
          mainiacjoe_overflow_brackets, serial_rivers,
          chequers_serial_rivers_small_3, chequers_serial_rivers_small_3,
          chequers_serial_rivers_micro_d, chequers_serial_rivers_large_b,
          chequers_serial_rivers_micro_d, chequers_serial_rivers_room_a,
          uniq_crazy_yiuf_cottage
D:4:      layout_basic, serial_curves, eino_curves_04, eino_curves_02,
          eino_curves_03, serial_shops, shop, columned_hall_lemuel,
          chequers_mini_garden

Skill      XL: |  1  2  3 |
---------------+----------+-----
Conjurations   | 2 |  2.0
Air Magic      | 5 |  5.1
Fighting       | |  0.2
Dodging        | |  2.4
Stealth        | |  2.1
Spellcasting   | |  2.7

Action                     |  1- 3 |  4- 6 || total
---------------------------+-------+-------++-------
  Melee: Unarmed           |    14 |       ||    14
         Kick              |     6 |       ||     6
         Peck              |     3 |       ||     3
   Cast: Shock             |    91 |    12 ||   103
  Dodge: Dodged            |    11 |       ||    11

Table legend: (Time is in decaauts)
 A = Elapsed time spent in this place.
 B = Non-inter-level travel time spent in this place.
 C = Inter-level travel time spent in this place.
 D = Time resting spent in this place.
 E = Time spent auto-exploring this place.
 F = Levels seen in this place.
 G = Mean time per level.
                   A        B        C        D        E       F      G
               +--------+--------+--------+--------+--------+-----+--------+
         Total |   3506 |   3404 |    102 |      0 |   3011 |   4 |  876.5 |
       Dungeon |   3506 |   3404 |    102 |      0 |   3011 |   4 |  876.5 |
               +--------+--------+--------+--------+--------+-----+--------+

Top non-repeatable levels by time:
     D:3: 1570 daAuts
     D:1: 798 daAuts
     D:2: 695 daAuts
     D:4: 442 daAuts
